 Dungeon Crawl Stone Soup version 0.30-a0-354-g6b83867211 (webtiles) character file.

Game seed: 12806133054556980141

44 Maxmaps the Cudgeller (level 3, -7/39 HPs)
             Began as an Ogre Monk on Nov 8, 2022.
             Mangled by Crazy Yiuf
             ... wielding a +4 quarterstaff of chaos
              (8 damage)
             ... on level 2 of the Dungeon.
             The game lasted 00:01:29 (1686 turns).

Maxmaps the Cudgeller (Ogre Monk)                   Turns: 1686, Time: 00:01:30

Health: -7/39      AC:  3    Str: 15    XL:     3   Next: 62%
Magic:  3/3        EV: 10    Int: 13    God:
Gold:   129        SH:  0    Dex: 11    Spells: 2/2 levels left

rFire   . . .      SeeInvis .    a - +0 mace
rCold   . . .      Faith    .    (no shield)
rNeg    . . .      Spirit   .    b - +0 robe
rPois   .          Reflect  .    (helmet restricted)
rElec   .          Harm     .    (no cloak)
rCorr   .          Rampage  .    (gloves unavailable)
Will    .....                    (boots unavailable)
Stlth   ++........               (no amulet)
HPRegen 0.26/turn                (no ring)
MPRegen 0.08/turn                (no ring)

@: lethally poisoned (-7 -> -25)
A: large, unfitting armour, tough skin 1
a: no special abilities


You were on level 2 of the Dungeon.
You visited 1 branch of the dungeon, and saw 2 of its levels.

You collected 129 gold pieces.

Inventory:

Hand Weapons
 a - a +0 mace (weapon)
Armour
 b - a +0 robe (worn)
Scrolls
 d - 2 scrolls of fog {unknown}
 e - a scroll of teleportation {unknown}
 f - 2 scrolls of identify {unknown}
Potions
 c - a potion of ambrosia
 g - a potion of might {unknown}
 h - a potion of flight {unknown}


   Skills:
 - Level 4.0 Fighting
 + Level 4.1 Maces & Flails
 - Level 2.6 Dodging
 - Level 1.4 Stealth


You had 2 spell levels left.
You didn't know any spells.
Your spell library contained the following spells:

 Spells                   Type           Power      Damage    Failure   Level
 Inner Flame              Hex/Fire       0%         N/A       67%         3
 Portal Projectile        Hex/Tloc       0%         N/A       67%         3
 Tukima's Dance           Hex            0%         N/A       67%         3
 Cause Fear               Hex            0%         N/A       97%         4
 Blade Hands              Tmut           0%         N/A       100%        5
 Discord                  Hex            0%         N/A       100%        8


Dungeon Overview and Level Annotations

Branches:
Dungeon (2/15)

Altars:

Annotations:
D:2 Crazy Yiuf


Innate Abilities, Weirdness & Mutations

You are too large for most types of armour.
You have tough skin. (AC +1)


Message History

No target in view!
No target in view!
No target in view!
No target in view!
A giant cockroach comes into view.
The helpless giant cockroach fails to defend itself.
You sock the giant cockroach!
You kill the giant cockroach!
No target in view!
No target in view!
No target in view!
No target in view!
No target in view!
No target in view!
No target in view!
No target in view!
No target in view!
No target in view!
You see here a giant cockroach corpse.
There is a stone staircase leading up here.
You see here a +0 club.
Could not explore, unopened runed door.
No reachable target in view!
Could not explore, unopened runed door.
No reachable target in view!
No reachable target in view!
No reachable target in view!
You open the door. You closely miss Crazy Yiuf.
Crazy Yiuf hits you with a +4 quarterstaff of chaos!!
You are lethally poisoned!
You hit Crazy Yiuf.
Crazy Yiuf is lightly wounded.
You feel extremely sick.
Crazy Yiuf hits you with a +4 quarterstaff of chaos!
* * * LOW HITPOINT WARNING * * *
Crazy Yiuf burns you.
* * * LOW HITPOINT WARNING * * *
Crazy Yiuf hits you with a +4 quarterstaff of chaos!
You die...

##...##.(..#
#....#
.....##.)###
#....#
###..##>.#
#....#
).....#..###
#...##
###...#..#.#
##.##
......†....#
#.##
#####.#....#
##.# #
#.#....#
#.## #
#.##...#
##@# #
#.###..# #g#
# #.# #..#
...
#####.###.##
#...#
...........#
#..)#
#########.##
##### #.#
#########.#
..........#


You could see Crazy Yiuf.

Vanquished Creatures
  An adder (D:2)
  A dart slug (D:1)
  An orc (D:2)
  3 bats
  4 endoplasms (D:1)
  2 giant cockroaches (D:2)
  A hobgoblin (D:1)
  3 jackals (D:2)
  3 kobolds (D:2)
  2 quokkas
  2 ball pythons (D:1)
  2 frilled lizards (D:1)
  A goblin (D:1)
  5 rats
31 creatures vanquished.

Notes
Turn   | Place    | Note
-------+----------+-------------------------------------------
     0 | D:1      | Maxmaps the Ogre Monk began the quest for the Orb.
     0 | D:1      | Reached XP level 1. HP: 24/24 MP: 1/1
   216 | D:1      | Reached XP level 2. HP: 30/32 MP: 2/2
  1050 | D:2      | Reached XP level 3. HP: 35/39 MP: 3/3
  1319 | D:2      | Found a runed translucent door.
  1320 | D:2      | Noticed Crazy Yiuf
  1686 | D:2      | HP: 1/39 [Crazy Yiuf/+4 quarterstaff of chaos (2)]
  1686 | D:2      | Mangled by Crazy Yiuf

Illustrated notes

Levels and vault maps discovered:
D:1:      lemuel_arrival_hallway, layout_basic,
          hangedman_abyss_or_decor_lesser_grid
D:2:      layout_loops_ring, uniq_crazy_yiuf_cottage

Skill      XL: |  1  2  3 |
---------------+----------+-----
Maces & Flails | 3 4 |  4.1
Fighting       | |  4.0
Dodging        | |  2.6
Stealth        | |  1.4

Action                   || total
-------------------------++-------
Melee: Mace              ||    80
       Punch             ||     1
 Stab: Sleeping          ||     6
Armor: Robe              ||    22
Dodge: Dodged            ||    35

Table legend: (Time is in decaauts)
 A = Elapsed time spent in this place.
 B = Non-inter-level travel time spent in this place.
 C = Inter-level travel time spent in this place.
 D = Time resting spent in this place.
 E = Time spent auto-exploring this place.
 F = Levels seen in this place.
 G = Mean time per level.
                   A        B        C        D        E       F      G
               +--------+--------+--------+--------+--------+-----+--------+
         Total |   1703 |   1692 |     11 |     59 |   1400 |   2 |  851.5 |
       Dungeon |   1703 |   1692 |     11 |     59 |   1400 |   2 |  851.5 |
               +--------+--------+--------+--------+--------+-----+--------+

Top non-repeatable levels by time:
     D:1: 941 daAuts
     D:2: 761 daAuts
